 Dungeon Crawl Stone Soup version 0.31-a0-876-gfe8ebadbca (webtiles) character file.

Game seed: 12037544953401479722

72 BinkBink the Trooper (level 4, 0/49 HPs)
             Began as an Ogre Fighter on Oct 14, 2023.
             Slain by an orc wizard
             ... wielding a +0 dagger
              (1 damage)
             ... on level 3 of the Dungeon.
             The game lasted 00:02:18 (1708 turns).

BinkBink the Trooper (Ogre Fighter)                 Turns: 1708, Time: 00:02:19

Health: 0/49       AC:  4    Str: 22    XL:     4   Next: 25%
Magic:  4/4        EV:  8    Int:  9    God:
Gold:   184        SH:  0    Dex:  8    Spells: 3/3 levels left

rFire   . . .        h - +1 hand axe (vamp)
rCold   . . .        c - +0 kite shield
rNeg    . . .        b - +0 robe
rPois   .            (helmet restricted)
rElec   .            e - +0 cloak
rCorr   .            (gloves unavailable)
SInv    .            (boots unavailable)
Will    .....        (no amulet)
Stlth   +            (no ring)
HPRegen 0.28/turn    (no ring)
MPRegen 0.09/turn

%: no passive effects
@: confused
A: large, unfitting armour, tough skin 1
a: no special abilities


You were on level 3 of the Dungeon.
You visited 1 branch of the dungeon, and saw 3 of its levels.

You collected 184 gold pieces.

Inventory:

Hand Weapons
 a - a +0 war axe
 h - a +1 vampiric hand axe (weapon)
Armour
 b - a +0 robe (worn)
 c - a +0 kite shield (worn)
 e - a +0 cloak (worn)
Jewellery
 j - a ring of resist corrosion
 o - a ring of positive energy
Scrolls
 f - 4 scrolls of identify {unknown}
 l - a scroll of silence {unknown}
 m - a scroll of enchant armour {unknown}
 n - a scroll of brand weapon {unknown}
 p - a scroll of butterflies {unknown}
 r - a scroll of blinking {unknown}
 s - a scroll of acquirement {unknown}
Potions
 d - a potion of might
 g - 3 potions of degeneration {unknown}
 i - a potion of brilliance {unknown}
 k - a potion of attraction {unknown}
 q - a potion of magic {unknown}
 t - a potion of curing {unknown}


   Skills:
 + Level 4.7 Fighting
 + Level 2.7 Axes
 + Level 1.3 Armour
 - Level 2.6 Dodging
 + Level 3.6 Shields


You had 3 spell levels left.
You didn't know any spells.
Your spell library contained the following spells:

 Spells                   Type           Power      Damage    Failure   Level
 Magic Dart               Conj           0%         1d3       67%         1
 Searing Ray              Conj           0%         2d4       80%         2
 Fulminant Prism          Conj/Hex       0%         3d5       100%        4


Dungeon Overview and Level Annotations

Branches:
Dungeon (3/15)

Altars:
Gozag
Sif Muna
Trog
Uskayaw

Shops:
D:1 (


Innate Abilities, Weirdness & Mutations

You are too large for most types of armour.
You have tough skin. (AC +1)


Message History

You hit the orc. You hit the bat.
You feel better.
You kill the bat!
You feel sick.
You block the orc's attack. x2; The orc barely misses you.
Something hits you. The orc closely misses you.
You barely miss the orc.
The orc is lightly wounded.
You hit the orc.
You feel better.
You kill the orc!
You hit something but do no damage.
You feel sick. The orc hits you but does no damage.
You block something's attack.
You miss something. You hit the orc.
You feel sick. The orc barely misses you. Something hits you.
You closely miss the orc.
The orc is heavily wounded.
You hit something but do no damage.
You feel sick.
You are no longer poisoned.
The orc hits you with a +0 hand axe.
You hear some strange, mumbled words.
You are confused.
The orc hits you with a +0 hand axe. Something hits you.
You hit the orc.
The orc is severely wounded.
You closely miss something. The orc hits you with a +0 hand axe.
You hear some strange, mumbled words.
A puff of flame appears from out of thin air!
The puff of flame hits you!
* * * LOW HITPOINT WARNING * * *
You barely miss something. You miss the orc.
The orc hits you with a +0 hand axe.
* * * LOW HITPOINT WARNING * * *
Something hits you.
* * * LOW HITPOINT WARNING * * *
Unknown command.
The orc attacks as it pursues you! The orc barely misses you.
Things that are here:
a +0 falchion; an adder corpse The orc hits you with a +0 hand axe.
* * * LOW HITPOINT WARNING * * *
Something hits you.
You die...

#...#...†####### #.........###
#...##.........# #..)))...##
#.P.#...######..# #........###
#.P.#...##### #..........#
#.P.#.......## ###..###.###.#
#.P.#........## .#...###.## ..#
#.............# #..........###..
#.............##................
#.≈...........#@.#.........###..
#.≈...........)o)....##.#..### .
#.≈...........##.....##.#....# .
#.≈.#......................#.##†
..#........#....#..#..#.##....
...........#.?.<.........###
...........#........#.##..#
...........#..........###.#
..........[..##........##.##


You could see an orc.

Vanquished Creatures
  2 adders (D:3)
  6 orcs (D:3)
  4 ball pythons
  6 endoplasms
  A giant cockroach (D:2)
  3 goblins
  4 hobgoblins
  7 kobolds
  2 quokkas (D:1)
  5 bats
  3 frilled lizards
  3 rats
46 creatures vanquished.

Notes
Turn   | Place    | Note
-------+----------+-------------------------------------------
     0 | D:1      | BinkBink the Ogre Fighter began the quest for the Orb.
     0 | D:1      | Reached XP level 1. HP: 24/24 MP: 1/1
   198 | D:1      | Reached XP level 2. HP: 32/32 MP: 2/2
   511 | D:1      | Found Tarudd's Weapon Shop.
   971 | D:2      | Reached XP level 3. HP: 40/40 MP: 3/3
  1061 | D:2      | Found a bloodstained altar of Trog.
  1324 | D:2      | Reached skill level 1 in Armour
  1444 | D:3      | Found a faded altar of an unknown god.
  1599 | D:3      | Found a hide-covered altar of Uskayaw.
  1600 | D:3      | Found a shimmering blue altar of Sif Muna.
  1601 | D:3      | Found an opulent altar of Gozag.
  1682 | D:3      | Reached XP level 4. HP: 49/49 MP: 4/4
  1708 | D:3      | HP: 1/49 [orc/+0 hand axe (6)]
  1708 | D:3      | Slain by an orc wizard

Illustrated notes

Levels and vault maps discovered:
D:1:      roderic_crop_circles_arrival_small, layout_basic, serial_shops,
          nicolae_shop_trees, kennysheep_minor_cross
D:2:      layout_loops_cross, basic_altar
D:3:      layout_rooms, mainiacjoe_overflow_boulevard,
          chequers_temple_overflow_statue_of_worship,
          hellmonk_ecumenical_altar_crossroads

Skill      XL: |  1  2  3 |
---------------+----------+-----
Armour         | 1 |  1.3
Fighting       | |  4.7
Axes           | |  2.7
Dodging        | |  2.6
Shields        | |  3.6

Action                     |  1- 3 |  4- 6 || total
---------------------------+-------+-------++-------
  Melee: War axe           |    49 |       ||    49
         Hand axe          |    65 |    15 ||    80
 Armour: Robe              |    78 |    28 ||   106
  Dodge: Dodged            |    40 |    11 ||    51
  Block: Kite shield       |    55 |     9 ||    64

Table legend: (Time is in decaauts)
 A = Elapsed time spent in this place.
 B = Non-inter-level travel time spent in this place.
 C = Inter-level travel time spent in this place.
 D = Time resting spent in this place.
 E = Time spent auto-exploring this place.
 F = Levels seen in this place.
 G = Mean time per level.
                   A        B        C        D        E       F      G
               +--------+--------+--------+--------+--------+-----+--------+
         Total |   1757 |   1700 |     57 |      0 |   1334 |   3 |  585.7 |
       Dungeon |   1757 |   1700 |     57 |      0 |   1334 |   3 |  585.7 |
               +--------+--------+--------+--------+--------+-----+--------+

Top non-repeatable levels by time:
     D:1: 811 daAuts
     D:2: 644 daAuts
     D:3: 302 daAuts
